 Dungeon Crawl Stone Soup version 0.31-a0-37-g98a128e1d9 (webtiles) character file.

Game seed: 15241941975405060173

58 pk666 the Firebug (level 3, -6/19 HPs)
             Began as a Deep Elf Fire Elementalist on May 15, 2023.
             Mangled by Robin
             ... wielding a +4 mace
              (8 damage)
             ... on level 2 of the Dungeon.
             The game lasted 00:02:10 (1099 turns).

pk666 the Firebug (Deep Elf Fire Elementalist)      Turns: 1099, Time: 00:02:11

Health: -6/19      AC:  3    Str:  5    XL:     3   Next: 76%
Magic:  1/10       EV: 13    Int: 21    God:
Gold:   25         SH:  0    Dex: 15    Spells: 6/9 levels left

rFire   . . .        (no weapon)
rCold   . . .        (no shield)
rNeg    . . .        a - +0 robe
rPois   .            (no helmet)
rElec   .            (no cloak)
rCorr   .            (no gloves)
SInv    .            i - +0 pair of boots
Will    .....        (no amulet)
Stlth   ++           (no ring)
HPRegen 0.23/turn    (no ring)
MPRegen 0.12/turn

%: no passive effects
@: no status effects
A: no striking features
a: no special abilities


You were on level 2 of the Dungeon.
You visited 1 branch of the dungeon, and saw 2 of its levels.

You collected 73 gold pieces.
You spent 48 gold pieces at shops.

Inventory:

Missiles
 f - a throwing net
Armour
 a - a +0 robe (worn)
 i - a +0 pair of boots (worn)
Scrolls
 c - a scroll of vulnerability {unknown}
 e - a scroll of silence {unknown}
 g - 3 scrolls of identify {unknown}
 h - a scroll of teleportation {unknown}
Potions
 b - 3 potions of magic
 d - a potion of heal wounds {unknown}
 j - a potion of degeneration
 k - a potion of curing
 l - a potion of flight {unknown}


   Skills:
 + Level 3.2 Dodging
 - Level 2.4 Stealth
 + Level 3.8 Spellcasting
 + Level 2.1 Conjurations
 + Level 3.8 Fire Magic


You had 6 spell levels left.
You knew the following spells:

 Your Spells              Type           Power      Damage    Failure   Level
a - Foxfire               Conj/Fire      64%        2x1d7     3%          1
b - Scorch                Fire           40%        2d6       3%          2

Your spell library contained the following spells:

 Spells                   Type           Power      Damage    Failure   Level
 Apportation              Tloc           8%         N/A       12%         1
 Necrotise                Necr           16%        1d4       12%         1
 Summon Small Mammal      Summ           16%        N/A       12%         1
 Inner Flame              Hex/Fire       12%        N/A       17%         3
 Volatile Blastmotes      Fire/Tloc      24%        2d12      17%         3
 Flame Wave               Conj/Fire      16%        2d7       34%         4


Dungeon Overview and Level Annotations

Branches:
Dungeon (2/15)

Altars:

Shops:
D:2 ![

Annotations:
D:2 Robin


Message History

Robin throws the goblin at you! The goblin hits you but does no damage.
The foxfire hits the goblin.
The goblin is moderately wounded.
The foxfire hits the goblin.
You kill the goblin!
Casting: Foxfire (safe; 3% risk of failure)
Confirm with . or Enter, or press ? or * to list all spells.
You conjure some foxfire!
The foxfire hits Robin.
Robin is lightly wounded.
The foxfire hits the hobgoblin but does no damage.
Casting: Foxfire (safe; 3% risk of failure)
Confirm with . or Enter, or press ? or * to list all spells.
You conjure some foxfire!
The foxfire hits the hobgoblin but does no damage.
Robin roars a battlecry!
The hobgoblin goes into a battle-frenzy!
The foxfire hits Robin.
Robin is heavily wounded.
Casting: Foxfire (safe; 3% risk of failure)
Confirm with . or Enter, or press ? or * to list all spells.
Flames lash the hobgoblin.
The hobgoblin is almost dead.
The hobgoblin's fire resistance burns away.
The hobgoblin hits you. Robin hits you with a +4 mace.
Casting: Scorch (safe; 3% risk of failure)
Confirm with . or Enter, or press ? or * to list all spells.
Flames lash Robin.
Robin is almost dead.
Robin's fire resistance burns away.
The hobgoblin hits you. Robin hits you with a +4 mace!
* * * LOW HITPOINT WARNING * * *
Casting: Scorch (safe; 3% risk of failure)
Confirm with . or Enter, or press ? or * to list all spells.
You don't have enough magic to cast this spell.
Casting: Scorch (safe; 3% risk of failure)
Confirm with . or Enter, or press ? or * to list all spells.
You don't have enough magic to cast this spell.
Robin attacks as you move away! Robin hits you with a +4 mace!
You die...

#...........
#.#......#.# ..
......#.#.# ...
#......#.# ....
#...####.#######))..
#####........##....$....
.#....####....(..)......
<#..#.####.......g).....
........§+.....)@g......
......####.....)####....
###.### #...!..# # #.#
#....!∩# #.. ..[$....#
###... .........# .#
.............# .#
.....##..>.. .+


You could see Robin (combustible) and a hobgoblin (strong, combustible).

Vanquished Creatures
  2 adders (D:2)
  4 bats
  An endoplasm (D:1)
  9 goblins
  6 hobgoblins
  3 jackals (D:1)
  3 quokkas
  2 ball pythons (D:1)
  A kobold (D:1)
  2 rats (D:1)
33 creatures vanquished.

Vanquished Creatures (others)
  103 foxfires
103 creatures vanquished.

Grand Total: 136 creatures vanquished

Notes
Turn   | Place    | Note
-------+----------+-------------------------------------------
     0 | D:1      | pk666 the Deep Elf Fire Elementalist began the quest for
                  | the Orb.
     0 | D:1      | Reached XP level 1. HP: 10/10 MP: 6/6
   203 | D:1      | Reached XP level 2. HP: 8/15 MP: 2/8
   293 | D:1      | Learned a level 2 spell: Scorch
   846 | D:2      | Reached XP level 3. HP: 19/19 MP: 7/10
   887 | D:2      | Found Exkoemp's Distillery.
   933 | D:2      | Bought a potion of degeneration for 12 gold pieces
   933 | D:2      | Bought a potion of curing for 36 gold pieces
  1006 | D:2      | Found Uniud's Antique Armour Boutique.
  1089 | D:2      | Noticed Robin
  1099 | D:2      | Mangled by Robin

Illustrated notes

Levels and vault maps discovered:
D:1:      psy_arrival_dodecagon, layout_rooms
D:2:      layout_basic, serial_shops, nicolae_shop_bloodbath_and_beyond,
          nicolae_shop_window_shopping, shop, shop, patterned_corridor,
          uniq_natasha, uniq_robin

Skill      XL: |  1  2  3 |
---------------+----------+-----
Dodging        | 3 |  3.2
Conjurations   | 2 |  2.1
Stealth        | |  2.4
Spellcasting   | |  3.8
Fire Magic     | |  3.8

Action                     || total
---------------------------++-------
   Cast: Foxfire           ||    62
         Scorch            ||     3
 Armour: Robe              ||     4
  Dodge: Dodged            ||     6

Table legend: (Time is in decaauts)
 A = Elapsed time spent in this place.
 B = Non-inter-level travel time spent in this place.
 C = Inter-level travel time spent in this place.
 D = Time resting spent in this place.
 E = Time spent auto-exploring this place.
 F = Levels seen in this place.
 G = Mean time per level.
                   A        B        C        D        E       F      G
               +--------+--------+--------+--------+--------+-----+--------+
         Total |   1098 |   1080 |     18 |     30 |    874 |   2 |  549.0 |
       Dungeon |   1098 |   1080 |     18 |     30 |    874 |   2 |  549.0 |
               +--------+--------+--------+--------+--------+-----+--------+

Top non-repeatable levels by time:
     D:1: 841 daAuts
     D:2: 257 daAuts
